 Dungeon Crawl Stone Soup version 0.27-a0-1202-ge72e49191c (webtiles) character file.

Game seed: 11165918793893792347

142 senseless the Ruffian (level 5, -2/41 HPs)
             Began as a Draconian Transmuter on June 3, 2021.
             Slain by Ijyb
             ... wielding a +0 dagger of distortion
              (3 damage)
             ... on level 3 of the Dungeon.
             The game lasted 00:07:28 (2761 turns).

senseless the Ruffian (Draconian Transmuter)        Turns: 2761, Time: 00:07:28

Health: -2/41      AC:  9    Str: 14    XL:     5   Next: 3%
Magic:  7/8        EV: 12    Int: 13    God:
Gold:   35         SH:  0    Dex: 11    Spells: 8/9 levels left

rFire    . . .     SeeInvis .     - Unarmed
rCold    . . .     Faith    .   (no shield)
rNeg     . . .     Spirit   .   (armour unavailable)
rPois    .         Reflect  .   (helmet currently unavailable)
rElec    .         Harm     .   (no cloak)
rCorr    .         Rampage  .   (no gloves)
Will     .....                  (boots currently unavailable)
Stlth    +.........             (no amulet)
HPRegen  0.13/turn              f - +4 ring of protection
MPRegen  0.11/turn              (no ring)

@: appendages
A: horns 2, talons 2, AC +5, unfitting armour, cold-blooded
a: End Transformation


You were on level 3 of the Dungeon.
You had temporarily grown beastly horns and talons.
You visited 1 branch of the dungeon, and saw 3 of its levels.

You collected 86 gold pieces.
You spent 51 gold pieces at shops.

Inventory:

Hand Weapons
 b - a +1 dagger of protection
Jewellery
 f - a +4 ring of protection (left hand)
Scrolls
 d - 2 scrolls of silence
Potions
 a - a potion of ambrosia
 c - a potion of heal wounds {unknown}
 g - a potion of magic {unknown}


   Skills:
 + Level 2.2 Fighting
 + Level 2.6 Dodging
 + Level 3.8 Unarmed Combat
 + Level 2.6 Spellcasting
 + Level 3.0 Transmutations


You had 8 spell levels left.
You knew the following spells:

 Your Spells              Type           Power      Damage    Failure   Level
a - Beastly Appendage     Tmut           18%        N/A       7%          1

Your spell library contained the following spells:

 Spells                   Type           Power      Damage    Failure   Level
 Wereblood                Tmut           9%         N/A       11%         2
 Spider Form              Tmut/Pois      2%         N/A       36%         3
 Ice Form                 Ice/Tmut       5%         N/A       77%         4
 Hydra Form               Tmut           4%         N/A       88%         5


Dungeon Overview and Level Annotations

Branches:
Dungeon (3/15)

Altars:
Wu Jian

Shops:
D:2 [*?(

Annotations:
D:3 Ijyb


Innate Abilities, Weirdness & Mutations

You have temporarily grown beastly horns and talons.
Your plain brown scales are hard. (AC +5)
You cannot fit into any form of body armour.
You are cold-blooded and may be slowed by cold attacks.


Message History

Ijyb is heavily wounded.
Ijyb hits you but does no damage. Space bends around you.
You are too injured to fight recklessly!
You hit Ijyb. Your kick misses Ijyb. You tail-slap Ijyb, but do no damage.
Ijyb is heavily wounded.
Ijyb hits you but does no damage.
You blink.
A kobold comes into view. It is wielding a +0 whip.
The kobold moves out of view.
Ijyb zaps a wand.
The mass of ice explodes!
The iceblast engulfs you!
* * * LOW HITPOINT WARNING * * *
The kobold misses you.
Found 30 arrows.
You punch the kobold!
You kill the kobold!
Your horns disappear.
Your talons disappear.
You see here a +0 whip.
You are too injured to fight recklessly!
Casting: Beastly Appendage (safe; 7% risk of failure)
Confirm with . or Enter, or press ? or * to list all spells.
You grow a pair of large bovine horns.
Your feet morph into talons.
Ijyb zaps a wand.
The mass of ice explodes!
The iceblast engulfs you.
* * * LOW HITPOINT WARNING * * *
Ijyb hits you but does no damage. Space bends around you.
* * * LOW HITPOINT WARNING * * *
You see here a +0 whip.
You closely miss Ijyb. You claw Ijyb, but do no damage.
Your tail-slap misses Ijyb.
Ijyb is heavily wounded.
Ijyb hits you but does no damage. Space bends around you.
* * * LOW HITPOINT WARNING * * *
You barely miss Ijyb. You claw Ijyb, but do no damage.
Ijyb is heavily wounded.
The adder skeleton bites you but does no damage.
Ijyb closely misses you.
You hit Ijyb but do no damage. Your kick misses Ijyb.
Your headbutt misses Ijyb.
Ijyb is heavily wounded.
The adder skeleton barely misses you. Ijyb hits you but does no damage.
Space bends around you.
You die...

#.# #.# # #.#
... #.# #..#
#.###
#g..#...#
#...g.#######
####...##...#
#...##@..#
##...gZ..#
##.##...#
#..#(..#
##.#.....
.........
.........
.#.......
##.......


You could see Ijyb and an adder skeleton.

Vanquished Creatures
  6 gnolls
  3 adders (D:2)
  A worm (D:2)
  A dart slug (D:2)
  2 endoplasms
  2 giant cockroaches
  7 goblins
  5 hobgoblins
  5 jackals
  6 kobolds
  A quokka (D:1)
  5 ball pythons
  2 bats (D:1)
  4 frilled lizards
  4 rats
54 creatures vanquished.

Notes
Turn   | Place    | Note
-------+----------+-------------------------------------------
     0 | D:1      | senseless the Draconian Transmuter began the quest for the
                  | Orb.
     0 | D:1      | Reached XP level 1. HP: 16/16 MP: 3/3
   137 | D:1      | Reached XP level 2. HP: 3/23 MP: 1/5
  1338 | D:2      | Reached XP level 3. HP: 21/28 MP: 4/6
  1467 | D:2      | Found Omowem's Assorted Antiques.
  1481 | D:2      | Bought a scroll labelled GOODOE HIHEJ for 27 gold pieces
  1481 | D:2      | Bought a bubbling green potion for 24 gold pieces
  1621 | D:2      | Found Kiuxti's Weapon Boutique.
  1641 | D:2      | Found Otzuth's Magic Scroll Shop.
  1794 | D:2      | Found an ornate altar of the Wu Jian Council.
  1919 | D:2      | Reached XP level 4. HP: 36/36 MP: 5/7
  1953 | D:2      | Found Nanko's Armour Emporium.
  2660 | D:3      | Reached XP level 5. HP: 41/41 MP: 6/8
  2732 | D:3      | Noticed Ijyb
  2759 | D:3      | HP: 1/41 [Ijyb/+0 dagger of distortion (3)]
  2761 | D:3      | Slain by Ijyb

Illustrated notes

Levels and vault maps discovered:
D:1:      lightli_arrival_lavapool, layout_basic, minivault_25,
          minmay_hexomino_c4
D:2:      layout_basic, serial_shops, nicolae_shop_crystal,
          nicolae_shop_crystal, shop, shop_statue, serial_curves,
          eino_curves_04, eino_curves_03, eino_curves_04, basic_altar
D:3:      layout_rooms, ebering_ecumenical_altar_sacrificial, uniq_ijyb

Skill      XL: |  1  2  3  4 |
---------------+-------------+-----
Dodging        | 2 |  2.6
Fighting       | 2 |  2.2
Transmutations | 3 |  3.0
Unarmed Combat | |  3.8
Spellcasting   | |  2.6

Action                   |  1- 3 |  4- 6 || total
-------------------------+-------+-------++-------
Melee: Unarmed           |   107 |    67 ||   174
       Kick              |    26 |    13 ||    39
       Headbutt          |     8 |     3 ||    11
       Tailslap          |    10 |    11 ||    21
       Punch             |       |     1 ||     1
 Cast: Beastly Appendage |    29 |     9 ||    38
  Use: Scroll            |     6 |     1 ||     7
       Potion            |       |     1 ||     1
 Stab: Sleeping          |     1 |       ||     1
Armor: Skin              |    24 |    26 ||    50
Dodge: Dodged            |    60 |    36 ||    96

Table legend: (Time is in decaauts)
 A = Elapsed time spent in this place.
 B = Non-inter-level travel time spent in this place.
 C = Inter-level travel time spent in this place.
 D = Time resting spent in this place.
 E = Time spent auto-exploring this place.
 F = Levels seen in this place.
 G = Mean time per level.
                   A        B        C        D        E       F      G
               +--------+--------+--------+--------+--------+-----+--------+
         Total |   2759 |   2690 |     69 |    180 |   2141 |   3 |  919.7 |
       Dungeon |   2759 |   2690 |     69 |    180 |   2141 |   3 |  919.7 |
               +--------+--------+--------+--------+--------+-----+--------+

Top non-repeatable levels by time:
     D:2: 1343 daAuts
     D:1: 1259 daAuts
     D:3: 157 daAuts
